 Dungeon Crawl Stone Soup version 0.14-a0-736-g2a71271 (webtiles) character file.

718 HungrySpirit the Cleaver (level 7, -3/47 HPs)
             Began as a Formicid Fighter on Nov 7, 2013.
             Succumbed to poison (a potion of poison)
             ... on Level 5 of the Dungeon.
             The game lasted 00:05:34 (4172 turns).

HungrySpirit the Cleaver (Formicid Fighter)         Turns: 4172, Time: 00:05:34

HP  -3/47        AC  9     Str 23      XL: 7   Next: 67%
MP   6/6         EV  6     Int  7      God:
Gold 122         SH 18     Dex 10      Spells:  0 memorised,  6 levels left

Res.Fire  : . . .   See Invis. : .   E - +0,+2 orc war axe
Res.Cold  : . . .   Warding    : .   b - +0 scale mail
Life Prot.: . . .   Conserve   : .   c - +0 shield
Res.Poison: x       Res.Corr.  : .   (helmet restricted)
Res.Elec. : .       Clarity    : .   (no cloak)
Sust.Abil.: . .     Spirit.Shd : .   u - +0 pair of orc gauntlets
Res.Mut.  : .       Stasis     : +   (no boots)
Res.Rott. : .       Flight     : .   (no amulet)
Saprovore : . . .                    (no ring)
                                     (no ring)

@: invisible, extremely poisoned, slightly resistant to hostile enchantments,
extremely unstealthy
A: permanent stasis, dig shafts and tunnels, four strong arms, poison weakness,
antennae 1, exoskeleton 1
a: Dig, Shaft Self


You were on level 5 of the Dungeon.
You were very hungry.

You visited 1 branch of the dungeon, and saw 5 of its levels.

You collected 122 gold pieces.

Inventory:

Hand weapons
 a - a +0,+0 hand axe
 E - a +0,+2 orcish war axe (weapon)
Armour
 b - a +0 scale mail (worn)
 c - a +0 shield (worn)
 u - a +0 pair of orcish gauntlets (worn)
Comestibles
 d - 2 bread rations
 j - 2 meat rations
 r - an apple
 v - a pear
 C - a choko
Scrolls
 e - 3 scrolls of blinking {unknown}
 f - 3 scrolls of amnesia {unknown}
 g - 2 scrolls of fear {unknown}
 h - 3 scrolls of teleportation {unknown}
 i - 2 scrolls of enchant weapon I {unknown}
 k - a scroll of curse jewellery {unknown}
 l - 3 scrolls of identify {unknown}
 n - 2 scrolls of remove curse {unknown}
 t - 2 scrolls of noise {unknown}
 x - a scroll of enchant weapon II {unknown}
 A - a scroll of magic mapping {unknown}
 B - a scroll of recharging {unknown}
 D - a scroll of enchant armour {unknown}
 F - a scroll of curse weapon {unknown}
 G - 2 scrolls of random uselessness {unknown}
Jewellery
 m - an uncursed ring of regeneration
 p - an uncursed ring of see invisible {unknown}
 y - an uncursed amulet of resist corrosion {unknown}
Potions
 q - a potion of speed {unknown}
 s - a potion of resistance {unknown}
 w - 2 potions of poison
 z - a potion of cure mutation {unknown}
 H - a potion of agility {unknown}


   Skills:
 - Level 3.0 Fighting
 + Level 8.0 Axes
 - Level 3.6 Armour
 - Level 3.0 Shields


You had 6 spell levels left.
You didn't know any spells.

Dungeon Overview and Level Annotations

Branches:
Dungeon (5/27)
 Temple: D:4-7

Altars:
Xom


Innate Abilities, Weirdness & Mutations

Your are under a permanent stasis effect.
You can dig through walls and to a lower floor.
Your four strong arms can wield any weapon, most with a shield.
You are susceptible to poison.
You have a pair of small antennae on your head.
Your body is surrounded by an exoskeleton. (HP +5, AC +1)


Message History

Drink which item? (? for menu, Esc to quit)
That liquid tasted very nasty...
You are more poisoned.
It was a potion of poison.
* * * LOW HITPOINT WARNING * * *
You feel extremely sick.
Drink which item? (? for menu, Esc to quit)
Okay, then.
Drink which item? (? for menu, Esc to quit)
Your stasis keeps you stable.
It was a potion of paralysis.
* * * LOW HITPOINT WARNING * * *
You feel very sick.
Drink which item? (? for menu, Esc to quit)
You cannot go berserk while under stasis It was a potion of berserk rage.
* * * LOW HITPOINT WARNING * * *
You feel very sick.
Drink which item? (? for menu, Esc to quit)
You fade into invisibility!
It was a potion of invisibility.
You die...

...<.# ####.# #.# #.# #.#
#.# #.# #.# #############
.###.###..((((((@).#
.........#########.......
.....##### ##### ######


There were no monsters in sight!

Vanquished Creatures
  Grinder (D:4)
  An ogre (D:4)
  A centaur (D:5)
  A hound (D:4)
  A worker ant (D:4)
  An iguana (D:4)
  A gnoll (D:1)
  3 adders (D:3)
  6 worms
  2 giant eyeballs (D:4)
  6 giant geckos
  2 orcs
  6 ball pythons
  3 giant cockroaches
  2 goblins (D:2)
  5 hobgoblins
  4 jackals (D:1)
  10 kobolds
  2 quokkas
  6 bats
  4 giant newts
  A jackal skeleton (D:4)
  8 rats
77 creatures vanquished.

Notes
Turn   | Place    | Note
--------------------------------------------------------------
     0 | D:1      | HungrySpirit, the Formicid Fighter, began the quest for the Orb.
     0 | D:1      | Reached XP level 1. HP: 19/19 MP: 0/0
   150 | D:1      | Reached XP level 2. HP: 24/24 MP: 1/1
   314 | D:1      | Reached XP level 3. HP: 14/29 MP: 2/2
  1158 | D:2      | Found a shimmering altar of Xom.
  1720 | D:2      | Reached skill level 4 in Axes
  1720 | D:2      | Reached XP level 4. HP: 28/33 MP: 3/3
  2825 | D:3      | Reached XP level 5. HP: 32/37 MP: 4/4
  3047 | D:3      | Reached skill level 5 in Axes
  3124 | D:4      | Noticed Grinder
  3157 | D:4      | Killed Grinder
  3157 | D:4      | Reached skill level 6 in Axes
  3157 | D:4      | Reached XP level 6. HP: 37/43 MP: 5/5
  3287 | D:4      | Reached skill level 7 in Axes
  3287 | D:4      | Reached XP level 7. HP: 47/47 MP: 6/6
  3554 | D:4      | Noticed an ogre
  3578 | D:4      | Killed an ogre
  4142 | D:5      | Entered Level 5 of the Dungeon
  4168 | D:5      | Reached skill level 8 in Axes
  4172 | D:5      | Succumbed to poison (a potion of poison)

Action                   |  1- 3 |  4- 6 |  7- 9 || total
-------------------------+-------+-------+-------++-------
Melee: Hand axe          |   123 |   156 |       ||   279
       War axe           |       |     7 |    36 ||    43
  Use: Potion            |       |       |     4 ||     4
